Map: [ESL] Oceanborn

Players

Maru

  • Race: Terran Terran
  • Spawn Location: 11:00

Cure - Winner!

  • Race: Terran Terran
  • Spawn Location: 5:00

Event: ESL SC2 Masters 2023 Winter (Finals)

VOD

Have the link to the VOD?

Description

Time

  • Played on: Dec. 15, 2023, 12:27 p.m.
  • Length: 22:26

All games in this series

Show
View Real Time Build Order
Export as new Build Order

Maru Terran 

Build Orders: Cyclone Opening, Mech 

Get SALT Encoding   

  12  0:00  SCV  
  13  0:12  SCV  
  14  0:17  Supply Depot  
  14  0:24  SCV  
  15  0:38  SCV  
  15  0:39  Barracks  
  15  0:42  Refinery  
  16  0:50  SCV  
  16  0:52  Refinery  
  17  1:02  SCV  
  18  1:15  SCV  
  19  1:26  Reaper  
  19  1:27  Orbital Command  
  19  1:32  Supply Depot  
  20  1:42  Factory  
  20  1:52  SCV  
  21  1:58  Reaper  
  22  2:04  SCV  
  23  2:16  SCV  
  23  2:22  Command Center  
  24  2:28  Cyclone  
  24  2:29  SCV  
  27  2:35  Supply Depot  
  27  2:41  SCV  
  28  2:46  Starport  
  28  2:50  Barracks Reactor  
  28  2:53  SCV  
  29  3:01  Cyclone  
  31  3:05  SCV  
  32  3:18  SCV  
  33  3:23  Medivac  
  33  3:26  Refinery  
  35  3:28  Marine x2  
  35  3:30  SCV  
  38  3:34  Orbital Command, Factory Tech Lab  
  38  3:46  Marine x2  
  40  3:49  SCV  
  40  3:54  Siege Tank  
  40  3:55  Starport Tech Lab  
  44  4:00  SCV  
  44  4:01  SCV  
  46  4:09  Command Center  
  46  4:15  Raven  
  46  4:16  SCV x2  
  50  4:22  Supply Depot  
  50  4:25  Marine x2  
  50  4:28  SCV  
  52  4:34  SCV  
  53  4:41  SCV  
  53  4:43  Siege Tank  
  57  4:46  SCV  
  57  4:49  Raven  
  60  4:53  SCV  
  60  4:55  Barracks Tech Lab  
  60  4:57  Interference Matrix  
  60  4:59  SCV  
  62  5:03  Barracks x2  
  62  5:16  Engineering Bay  
  62  5:18  Engineering Bay  
  62  5:20  SCV x2, Marine  
  65  5:23  Orbital Command  
  65  5:29  Raven  
  65  5:33  Supply Depot, SCV x2  
  68  5:39  Siege Tank  
  70  5:45  SCV x2  
  70  5:48  Missile Turret  
  67  5:50  SCV  
  67  5:56  Missile Turret  
  68  5:57  SCV  
  68  6:00  SCV  
  68  6:03  SCV  
  71  6:09  SCV  
  71  6:10  Factory  
  72  6:12  SCV  
  72  6:13  Refinery  
  72  6:15  Siege Tank, SCV  
  77  6:22  Viking, Missile Turret  
  77  6:23  Viking  
  81  6:26  Supply Depot  
  81  6:27  Orbital Command, Supply Depot  
  81  6:29  SCV  
  82  6:34  SCV  
  83  6:41  SCV  
  83  6:46  SCV  
  85  6:48  Siege Tank  
  85  6:50  Supply Depot  
  85  6:52  Viking  
  85  6:53  Viking, SCV  
  89  6:54  Supply Depot  
  89  6:57  SCV  
  89  6:58  SCV  
  91  7:05  SCV  
  91  7:06  Siege Tank, Missile Turret  
  95  7:09  SCV  
  95  7:10  SCV  
  97  7:17  Command Center, SCV  
  97  7:21  SCV  
  96  7:23  SCV  
  96  7:27  Siege Tank  
  96  7:29  SCV  
  101  7:32  Viking  
  101  7:33  Viking  
  105  7:38  SCV x2  
  105  7:39  Refinery x2  
  105  7:41  Missile Turret  
  105  7:42  Supply Depot  
  107  7:48  SCV  
  107  7:52  Factory  
  107  7:54  Barracks Tech Lab  
  107  7:55  SCV x2  
  109  7:58  Armory  
  109  8:01  Barracks Reactor  
  109  8:02  Armory  
  109  8:04  SCV  
  110  8:07  SCV  
  110  8:11  SCV  
  112  8:14  Siege Tank  
  112  8:16  SCV  
  112  8:19  SCV  
  117  8:24  Supply Depot x2  
  117  8:29  Viking x2  
  117  8:31  Starport  
  117  8:32  SCV x3  
  124  8:39  Sensor Tower  
  124  8:44  SCV x2  
  124  8:47  Missile Turret  
  124  8:50  Terran Vehicle Weapons Level 1  
  124  8:51  Terran Vehicle And Ship Armor Level 1  
  124  8:56  Siege Tank  
  124  9:00  Viking  
  124  9:01  SCV  
  130  9:04  SCV x2  
  130  9:08  Command Center  
  132  9:14  Supply Depot  
  132  9:15  Siege Tank  
  135  9:23  Sensor Tower, SCV x3  
  138  9:31  Viking x2  
  138  9:32  Viking  
  138  9:35  SCV x3  
  138  9:38  Supply Depot  
  147  9:41  Missile Turret  
  147  9:42  Planetary Fortress, Missile Turret  
  146  9:47  SCV  
  146  9:50  SCV  
  146  9:51  Liberator  
  131  9:58  Siege Tank  
  134  10:01  Liberator  
  134  10:02  SCV  
  134  10:03  Refinery  
  134  10:05  Liberator  
  138  10:09  Missile Turret  
  138  10:12  SCV x2  
  138  10:13  Refinery  
  140  10:17  Viking  
  140  10:18  Missile Turret  
  142  10:22  Missile Turret  
  142  10:31  Supply Depot, Starport  
  142  10:34  Liberator, SCV  
  142  10:35  SCV x2  
  148  10:42  Siege Tank, Sensor Tower  
  151  10:49  Command Center  
  151  10:51  Terran Ship Weapons Level 1, Terran Vehicle And Ship Armor Level 2  
  151  10:56  Viking  
  151  10:57  Viking  
  155  11:06  Missile Turret  
  155  11:11  Raven  
  157  11:17  Starport  
  157  11:18  Siege Tank  
  159  11:24  Siege Tank  
  159  11:25  SCV x2  
  153  11:31  SCV  
  130  11:36  Siege Tank  
  130  11:37  SCV x2  
  131  11:43  SCV  
  128  11:49  SCV  
  128  11:50  Hellion, SCV  
  128  11:53  Viking x2  
  128  11:54  Viking  
  138  11:55  SCV  
  139  12:01  SCV  
  139  12:02  SCV  
  139  12:06  Raven, Starport Tech Lab  
  139  12:07  SCV  
  144  12:11  SCV  
  144  12:12  Orbital Command  
  144  12:14  SCV x2  
  147  12:17  Viking  
  147  12:19  SCV  
  150  12:23  SCV  
  150  12:26  SCV x2  
  150  12:27  Missile Turret  
  150  12:28  Raven  
  155  12:30  Siege Tank x2  
  155  12:31  Siege Tank, SCV  
  155  12:32  Starport  
  155  12:34  SCV  
  166  12:38  SCV x2  
  166  12:43  SCV  
  169  12:47  Terran Ship Weapons Level 2  
  169  12:50  SCV  
  169  12:51  Command Center  
  170  12:59  Fusion Core  
  170  13:00  Command Center  
  170  13:02  Siege Tank  
  173  13:06  Sensor Tower  
  173  13:09  SCV  
  173  13:10  SCV x3  
  177  13:23  Sensor Tower  
  177  13:39  Starport Tech Lab  
  175  13:45  Refinery  
  175  13:46  Battlecruiser x2  
  175  13:47  Refinery  
  187  13:55  Siege Tank x2  
  190  13:59  Siege Tank  
  153  14:19  Battlecruiser  
  159  14:27  Siege Tank x2  
  159  14:30  Orbital Command  
  165  14:32  Missile Turret  
  165  14:33  Missile Turret  
  148  14:50  Battlecruiser x2, SCV  
  146  14:54  Siege Tank  
  149  15:05  Siege Tank x2  
  141  15:16  SCV  
  142  15:26  Siege Tank  
  142  15:28  SCV x3  
  135  15:33  SCV  
  131  15:37  Siege Tank x2  
  131  15:40  SCV x2  
  131  15:42  SCV  
  138  15:45  SCV  
  138  15:49  Orbital Command  
  139  15:52  SCV x2  
  139  15:54  Weapon Refit, SCV  
  142  15:57  SCV  
  142  15:58  Siege Tank, Refinery x2  
  146  16:04  SCV x2  
  146  16:06  Viking, SCV  
  146  16:09  Siege Tank  
  146  16:10  Missile Turret  
  154  16:12  Missile Turret  
  154  16:15  SCV  
  154  16:16  SCV x2  
  157  16:28  Terran Vehicle Weapons Level 2  
  156  16:41  Siege Tank x2  
  156  16:45  Missile Turret  
  162  17:07  Battlecruiser  
  168  17:10  Supply Depot  
  168  17:11  Supply Depot  
  168  17:13  Supply Depot  
  168  17:32  Battlecruiser  
  174  17:40  Missile Turret  
  174  17:41  Missile Turret  
  171  17:47  Orbital Command  
  169  17:57  Siege Tank x2  
  175  18:01  Missile Turret  
  175  18:15  Missile Turret  
  175  18:19  SCV x2  
  167  18:21  Siege Tank  
  150  18:29  Siege Tank  
  150  18:31  Siege Tank  
  136  18:42  Orbital Command  
  136  18:49  SCV x3  
  139  18:59  Battlecruiser  
  145  19:13  SCV  
  145  19:14  SCV x3  
  145  19:17  Siege Tank x2  
  139  19:25  Siege Tank  
  140  19:36  SCV  
  141  19:41  Raven x2  
  145  20:03  Raven  
  140  20:15  Viking x3, Battlecruiser  
  140  20:20  Orbital Command  
  146  20:29  Siege Tank  
  146  20:30  SCV x3  
  152  20:42  SCV  
  153  20:45  SCV x3  
  156  20:54  SCV  
  157  20:57  Orbital Command, SCV  
  157  20:58  Siege Tank  
  157  21:02  SCV  
  155  21:06  SCV  
  155  21:09  SCV  
  156  21:18  Battlecruiser  
  152  21:27  Siege Tank  
  136  21:37  Siege Tank  
  137  21:56  SCV x3  
  137  22:00  Missile Turret  
  137  22:01  Missile Turret  
Show
View Real Time Build Order
Export as new Build Order

Cure Terran - Winner!

Build Orders: Gas First Reaper Expand, Mech, Banshee Rush 

Get SALT Encoding   

  12  0:00  SCV  
  13  0:12  SCV  
  14  0:17  Supply Depot  
  14  0:24  SCV  
  14  0:27  Refinery  
  15  0:38  SCV  
  16  0:43  Barracks  
  16  0:50  SCV  
  17  1:02  SCV  
  18  1:14  SCV  
  19  1:29  Orbital Command  
  19  1:30  Supply Depot, Reaper  
  20  1:48  Command Center  
  20  1:55  SCV  
  21  2:02  Factory  
  21  2:05  Barracks Reactor  
  21  2:08  SCV  
  22  2:12  Refinery  
  22  2:20  SCV  
  23  2:32  SCV  
  24  2:44  SCV  
  24  2:46  Starport  
  25  2:52  Hellion x2  
  25  2:53  Barracks Tech Lab  
  25  2:56  SCV  
  30  3:00  Orbital Command  
  30  3:08  SCV  
  31  3:13  Hellion x2  
  31  3:19  Orbital Command, Supply Depot  
  35  3:20  SCV  
  36  3:27  Cloaking Field  
  36  3:28  Banshee  
  36  3:33  SCV  
  40  3:36  Cyclone  
  42  3:43  Cyclone  
  42  3:44  SCV  
  42  3:47  SCV  
  46  3:49  Refinery  
  46  3:54  Supply Depot  
  46  3:57  SCV  
  46  3:59  SCV  
  48  4:09  SCV  
  49  4:11  Banshee, SCV  
  49  4:17  Cyclone x2  
  57  4:23  Supply Depot, SCV x2  
  59  4:27  Hyperflight Rotors  
  59  4:35  SCV  
  59  4:36  SCV  
  61  4:42  Supply Depot  
  61  4:47  SCV  
  61  4:48  SCV  
  63  4:53  Banshee  
  63  4:57  Command Center  
  67  5:00  SCV x2  
  68  5:07  Cyclone  
  68  5:08  Supply Depot  
  68  5:10  Cyclone  
  68  5:13  SCV  
  68  5:14  SCV  
  74  5:16  Refinery  
  74  5:25  Supply Depot  
  74  5:26  SCV x2  
  76  5:36  Banshee  
  76  5:39  Cyclone  
  76  5:40  SCV x2  
  76  5:42  Cyclone  
  85  5:49  Factory x2  
  85  5:52  SCV  
  85  5:53  SCV  
  87  6:00  Barracks Reactor  
  87  6:03  Refinery  
  87  6:04  SCV  
  87  6:05  SCV  
  53  6:11  Orbital Command, Cyclone  
  90  6:13  Refinery  
  90  6:14  Cyclone  
  90  6:17  SCV x2  
  94  6:28  Armory  
  94  6:29  Armory, SCV x2  
  96  6:34  Factory Tech Lab  
  96  6:37  Factory  
  96  6:38  SCV  
  97  6:40  Factory  
  97  6:41  SCV x2  
  97  6:42  Supply Depot  
  97  6:43  Supply Depot  
  99  6:50  SCV  
  99  6:53  Siege Tank, SCV  
  106  6:54  Cyclone x2  
  106  6:57  Hurricane Engines  
  106  7:00  SCV  
  109  7:04  Supply Depot, SCV  
  109  7:05  SCV  
  109  7:06  Engineering Bay  
  109  7:08  Siege Tank  
  114  7:14  Viking x2  
  118  7:15  SCV  
  118  7:16  SCV  
  118  7:17  SCV  
  121  7:24  Terran Vehicle Weapons Level 1  
  121  7:26  Terran Vehicle And Ship Armor Level 1, Supply Depot  
  121  7:28  Factory Tech Lab  
  121  7:31  SCV  
  124  7:39  Supply Depot  
  124  7:40  Supply Depot  
  124  7:41  Missile Turret  
  124  7:44  Siege Tank x2, Missile Turret  
  128  7:45  Missile Turret  
  128  7:46  Factory Reactor, Missile Turret  
  128  7:48  Hellion x2  
  129  7:53  Viking  
  129  7:56  Viking  
  133  8:03  Supply Depot  
  133  8:06  Supply Depot  
  133  8:07  Siege Tank  
  133  8:12  Infernal Pre-Igniter  
  136  8:15  Hellbat, Hellion  
  138  8:21  Widow Mine x2  
  138  8:26  Command Center  
  142  8:28  Viking  
  142  8:29  Viking  
  142  8:30  SCV  
  142  8:31  SCV x2  
  149  8:39  Siege Tank  
  152  8:42  Factory  
  152  8:43  SCV x3  
  152  8:46  Factory  
  155  8:51  Cyclone x2  
  155  8:54  Refinery  
  155  8:55  Refinery  
  159  8:59  SCV x2  
  159  9:00  SCV  
  162  9:06  Command Center  
  162  9:09  Viking, Cyclone x2, Factory  
  168  9:27  Factory Tech Lab  
  168  9:29  Factory Reactor  
  168  9:33  Viking, Terran Vehicle Weapons Level 2  
  170  9:38  Planetary Fortress  
  170  9:43  Cyclone  
  170  9:44  Cyclone  
  170  9:45  Cyclone x2  
  176  9:48  Cyclone  
  176  9:51  Viking  
  176  9:52  Cyclone  
  150  9:53  Hellion x2  
  150  9:56  SCV x3  
  154  10:08  SCV  
  154  10:09  Cyclone, Factory Tech Lab  
  154  10:12  Smart Servos  
  157  10:14  Cyclone x2, Refinery  
  157  10:18  Refinery  
  157  10:20  Terran Vehicle And Ship Armor Level 2  
  161  10:23  Planetary Fortress  
  161  10:26  SCV x4  
  161  10:28  Hellion, Siege Tank, Cyclone  
  172  10:39  Hellion, Siege Tank, Cyclone  
  172  10:40  Hellion  
  181  10:51  Cyclone  
  181  10:55  Cyclone  
  181  10:56  Hellion x3  
  191  11:05  Command Center  
  157  11:27  Hellion, Siege Tank x4, Cyclone x3  
  157  11:28  Hellion  
  176  11:34  Cyclone x2  
  149  11:49  Hellion x2  
  153  11:59  Hellion x2, Cyclone x5, Terran Vehicle Weapons Level 3  
  167  12:06  Hellion, Cyclone  
  171  12:10  Hellion x2  
  175  12:20  Viking x2, Cyclone  
  175  12:21  Orbital Command, Cyclone  
  183  12:27  Hellion  
  185  12:31  Hellion, Cyclone, Siege Tank  
  185  12:35  Starport x2  
  185  12:36  Starport  
  192  12:39  Command Center  
  192  12:46  Cyclone x2  
  192  12:47  Hellion x2  
  200  12:56  Terran Vehicle And Ship Armor Level 3  
  198  13:23  Viking  
  198  13:25  Starport Tech Lab x3  
  200  13:28  Refinery  
  200  13:29  Refinery  
  200  13:32  Command Center  
  200  13:35  Command Center, Cyclone  
  200  13:44  Interference Matrix  
  200  13:45  Command Center  
  189  13:55  Cyclone x3  
  189  13:56  Hellion x3, Siege Tank, Cyclone  
  186  14:07  Hellion  
  182  14:10  Raven x3, Viking x2  
  188  14:17  Barracks  
  188  14:30  Cyclone x6  
  200  14:36  Terran Ship Weapons Level 1  
  200  14:40  Cyclone  
  200  14:41  Cyclone x3  
  200  14:42  Cyclone  
  173  15:02  Hellion, Cyclone x2  
  173  15:04  Cyclone x2  
  173  15:05  Cyclone  
  173  15:06  Hellion x3  
  182  15:09  Raven x2  
  182  15:11  Raven  
  182  15:13  Siege Tank  
  177  15:21  Cyclone x2  
  177  15:22  Planetary Fortress  
  177  15:24  Orbital Command x3  
  169  15:35  Cyclone x2  
  159  15:36  Viking  
  159  15:39  Cyclone x2  
  161  15:49  Cyclone x3  
  167  15:54  Raven x2  
  171  16:02  Refinery  
  171  16:05  Cyclone x3  
  171  16:07  Raven  
  179  16:19  Siege Tank  
  179  16:24  Viking x2  
  186  16:26  Cyclone x3  
  186  16:28  Raven x2  
  186  16:30  Sensor Tower  
  196  16:36  Cyclone x2  
  200  16:50  Terran Ship Weapons Level 2  
  200  16:51  Refinery  
  200  17:08  Missile Turret  
  200  17:09  Missile Turret  
  200  17:10  Sensor Tower  
  200  17:11  Missile Turret x2  
  200  17:12  Missile Turret, Neosteel Armor  
  197  17:26  Raven  
  197  18:04  Missile Turret  
  197  18:05  Missile Turret x2  
  197  18:16  Command Center  
  167  18:31  Cyclone x6  
  167  18:34  Cyclone x3  
  172  18:39  Raven x3, Viking x2  
  170  18:41  Cyclone  
  170  18:42  Cyclone  
  174  18:52  Hi-Sec Auto Tracking  
  168  19:03  Cyclone x5  
  168  19:04  Cyclone  
  168  19:06  Cyclone x3  
  168  19:09  Viking x2  
  190  19:13  Raven  
  190  19:14  Raven x2, Cyclone x2  
  195  19:31  Orbital Command  
  195  19:35  Cyclone x3  
  195  19:38  Hellion x2  
  199  19:42  Cyclone  
  195  19:48  Raven x2  
  199  19:53  Missile Turret  
  199  19:54  Sensor Tower, Missile Turret  
  189  20:12  Cyclone x9  
  200  20:20  Raven  
  190  20:22  Raven x2  
  190  20:23  Cyclone x2  
  190  20:25  Viking  
  198  20:44  Cyclone  
  198  21:02  Cyclone x2  
  184  21:27  Cyclone x3  
  184  21:28  Cyclone x3  
  184  21:29  Hellion x2  
  184  21:32  Cyclone  
  198  21:33  Raven x2, Viking x2  
  198  21:34  Cyclone  
  198  21:40  Cyclone  
  200  22:03  Command Center  
Tags
 
Add a new tag
Caveats
  • Supply blocks, unpowered buildings, or Contaminate may cause inaccurate times.
  • Supply counts are checked every 10 seconds.